Map: Hardwire LE

Players

Pumba - Winner!

  • Race: Protoss Protoss
  • League: Master
  • Spawn Location: 7:00

ReaLiTy

  • Race: Protoss Protoss
  • League: Master
  • Spawn Location: 1:00

VOD

Have the link to the VOD?

Description

Time

  • Played on: April 5, 2022, 9:01 p.m.
  • Length: 19:53
Show
View Real Time Build Order
Export as new Build Order

Pumba Protoss - Winner!

Build Orders:  

Get SALT Encoding   

  12  0:00  Probe  
  13  0:12  Probe  
  14  0:17  Pylon  
  14  0:27  Probe (Chrono Boost)  
  15  0:35  Gateway  
  15  0:39  Probe (Chrono Boost)  
  16  0:47  Probe (Chrono Boost)  
  16  0:48  Assimilator  
  17  0:53  Probe (Chrono Boost)  
  18  0:58  Assimilator  
  18  1:05  Probe (Chrono Boost)  
  18  1:10  Gateway  
  19  1:16  Probe (Chrono Boost)  
  20  1:26  Cybernetics Core  
  20  1:27  Probe  
  21  1:37  Pylon  
  21  1:39  Probe  
  22  1:51  Probe  
  23  2:03  Probe  
  23  2:04  Sentry  
  23  2:05  Stalker  
  28  2:13  Pylon  
  28  2:15  Probe  
  28  2:18  Warp Gate (Chrono Boost)  
  29  2:34  Sentry  
  31  2:38  Nexus  
  31  2:46  Shield Battery  
  31  2:48  Probe  
  32  2:52  Sentry  
  34  3:04  Pylon  
  34  3:07  Probe  
  34  3:10  Stalker  
  37  3:19  Twilight Council  
  37  3:24  Probe (Chrono Boost)  
  37  3:36  Forge, Probe (Chrono Boost)  
  38  3:45  Probe (Chrono Boost)  
  39  3:50  Probe (Chrono Boost)  
  41  3:57  Probe (Chrono Boost)  
  41  4:00  Probe (Chrono Boost)  
  41  4:01  Adept x2  
  46  4:04  Probe (Chrono Boost)  
  46  4:05  Protoss Ground Weapons Level 1 (Chrono Boost), Probe (Chrono Boost)  
  48  4:15  Blink  
  50  4:17  Probe (Chrono Boost)  
  50  4:20  Probe (Chrono Boost)  
  50  4:28  Pylon  
  50  4:36  Probe  
  49  4:39  Probe  
  49  4:41  Nexus  
  48  4:48  Probe, Assimilator  
  48  4:50  Robotics Facility  
  49  4:57  Probe  
  50  5:00  Probe  
  50  5:04  Stalker  
  53  5:09  Probe  
  53  5:12  Phoenix  
  54  5:17  Probe  
  54  5:19  Stalker  
  57  5:22  Shield Battery  
  57  5:24  Gateway  
  57  5:26  Gateway  
  57  5:27  Probe  
  58  5:29  Probe, Pylon  
  59  5:35  Stalker  
  59  5:40  Probe  
  59  5:42  Probe  
  63  5:43  Observer (Chrono Boost)  
  63  5:48  Stalker  
  66  5:53  Probe (Chrono Boost)  
  66  5:55  Probe (Chrono Boost)  
  68  6:02  Probe (Chrono Boost)  
  68  6:03  Stalker  
  71  6:10  Dark Shrine, Probe (Chrono Boost)  
  74  6:11  Probe (Chrono Boost), Stalker  
  74  6:12  Probe (Chrono Boost)  
  74  6:16  Immortal, Probe (Chrono Boost)  
  74  6:17  Probe (Chrono Boost)  
  74  6:18  Probe  
  82  6:21  Assimilator  
  83  6:26  Stalker x2  
  83  6:28  Probe  
  83  6:30  Probe  
  83  6:31  Protoss Ground Weapons Level 2 (Chrono Boost)  
  89  6:37  Observer  
  89  6:42  Pylon  
  89  6:43  Probe, Pylon  
  89  6:44  Probe  
  89  6:45  Probe  
  89  6:46  Pylon  
  92  6:48  Assimilator  
  92  6:52  Assimilator  
  92  6:56  Probe  
  92  7:00  Probe  
  94  7:01  Adept x2  
  94  7:07  Probe  
  94  7:08  Observer, Probe  
  98  7:12  Probe  
  98  7:15  Stalker x2  
  103  7:20  Gateway  
  103  7:23  Gateway  
  103  7:24  Gateway  
  103  7:25  Probe  
  100  7:34  Immortal (Chrono Boost)  
  100  7:35  Charge (Chrono Boost)  
  104  7:44  Gateway  
  104  7:45  Gateway  
  104  7:48  Stalker x2  
  104  7:49  Stalker  
  104  7:50  Templar Archives  
  110  7:54  Dark Templar  
  112  8:00  Probe  
  112  8:05  Nexus  
  113  8:06  Pylon  
  113  8:07  Probe x2  
  113  8:09  Pylon  
  113  8:12  Assimilator  
  116  8:13  Observer (Chrono Boost), Pylon  
  116  8:14  Assimilator  
  116  8:16  Pylon  
  114  8:33  Probe x2  
  116  8:37  Photon Cannon  
  116  8:38  Shield Battery  
  113  8:45  Zealot x8  
  127  8:48  Probe x3  
  127  8:54  Protoss Ground Weapons Level 3 (Chrono Boost)  
  126  9:00  Probe x3  
  129  9:02  Photon Cannon  
  129  9:03  Photon Cannon  
  129  9:12  Probe  
  130  9:19  Robotics Bay  
  130  9:21  Probe  
  130  9:23  Robotics Facility  
  131  9:30  High Templar x7  
  145  9:35  High Templar  
  145  9:36  Probe  
  145  9:37  Probe  
  149  9:40  Observer  
  149  9:41  Archon x3  
  149  9:42  Archon  
  150  9:54  Gateway  
  150  9:55  Gateway  
  150  9:56  Gateway  
  150  9:57  Gateway  
  150  9:58  Pylon  
  150  10:02  Pylon  
  150  10:04  Zealot x4  
  150  10:06  Gravitic Boosters (Chrono Boost)  
  158  10:10  Disruptor (Chrono Boost)  
  158  10:11  Disruptor (Chrono Boost)  
  164  10:16  Photon Cannon, Probe x2  
  166  10:29  Pylon  
  165  10:38  Disruptor x2 (Chrono Boost)  
  171  10:55  Robotics Facility  
  171  11:05  Nexus  
  170  11:12  Zealot x5  
  180  11:21  Shadow Stride (Chrono Boost), Pylon  
  180  11:24  Pylon  
  180  11:26  Pylon  
  180  11:29  Pylon  
  180  11:32  Disruptor (Chrono Boost)  
  180  11:33  Disruptor (Chrono Boost)  
  166  11:40  Dark Templar x7  
  154  11:54  Protoss Ground Armor Level 1  
  149  11:59  Disruptor (Chrono Boost)  
  144  12:05  Disruptor x2 (Chrono Boost)  
  144  12:06  Stargate  
  150  12:10  Assimilator  
  150  12:12  Dark Templar  
  150  12:13  Dark Templar  
  150  12:14  Zealot x5  
  164  12:15  Assimilator  
  164  12:18  Pylon  
  164  12:21  Pylon  
  164  12:27  Disruptor  
  167  12:34  Disruptor  
  170  12:42  Photon Cannon  
  170  12:43  Photon Cannon  
  170  12:45  Photon Cannon  
  170  12:47  Shield Battery  
  170  12:49  Shield Battery  
  170  12:51  Probe  
  159  12:56  Nexus  
  159  12:57  Disruptor  
  152  13:13  Disruptor x2  
  135  13:28  Zealot x8  
  135  13:32  Disruptor  
  135  13:33  Archon x2  
  135  13:34  Archon  
  144  13:49  Disruptor  
  144  13:50  Observer x2  
  144  13:52  Probe x2  
  150  14:09  Observer  
  151  14:16  Nexus, Stalker x8  
  167  14:17  Assimilator  
  167  14:19  Pylon  
  167  14:20  Assimilator  
  167  14:22  Probe x3  
  170  14:24  Pylon  
  170  14:25  Probe  
  171  14:32  Protoss Shields Level 1 (Chrono Boost)  
  171  14:34  Fleet Beacon  
  171  14:36  Pylon  
  171  14:37  Nexus  
  171  14:40  Fleet Beacon  
  171  14:42  Stargate  
  171  14:44  Stargate  
  171  14:45  Pylon  
  171  14:48  Pylon  
  171  14:51  Protoss Air Weapons Level 1  
  171  14:53  High Templar x2  
  171  14:54  High Templar x5  
  171  14:55  High Templar  
  171  14:57  Shield Battery, Photon Cannon  
  171  14:58  Shield Battery  
  187  15:00  Archon x2  
  187  15:01  Photon Cannon  
  185  15:08  Probe x2  
  185  15:09  Probe  
  185  15:12  Photon Cannon  
  185  15:13  Probe x2  
  182  15:20  Probe  
  182  15:21  Probe  
  180  15:25  Zealot x5  
  180  15:26  Zealot x2  
  192  15:34  Shield Battery, Archon x2  
  172  15:47  Observer x2  
  169  16:07  Observer  
  169  16:10  Stalker x7  
  182  16:11  Zealot x5  
  182  16:15  Probe x2  
  182  16:16  Probe  
  164  16:45  Observer x2  
  153  16:48  Zealot x8  
  153  16:49  Zealot x4  
  139  17:29  Disruptor x3  
  128  17:30  Carrier x2  
  128  17:31  Carrier  
  128  17:37  Dark Templar x12  
  168  18:04  Disruptor x2  
  168  18:13  High Templar x3  
  168  18:14  High Templar x3  
  168  18:15  Zealot x6  
  168  18:19  Archon  
  192  18:20  Archon x2  
  192  18:35  Stalker x3  
  198  18:46  Observer  
  169  19:50  Photon Cannon  
Show
View Real Time Build Order
Export as new Build Order

ReaLiTy Protoss 

Build Orders: Blink Stalkers 

Get SALT Encoding   

  12  0:00  Probe  
  13  0:12  Probe  
  14  0:17  Pylon  
  14  0:25  Probe  
  15  0:35  Gateway  
  15  0:37  Probe (Chrono Boost)  
  16  0:44  Assimilator  
  16  0:47  Probe (Chrono Boost)  
  17  0:52  Probe  
  18  1:00  Assimilator  
  18  1:05  Probe  
  18  1:09  Gateway  
  19  1:17  Probe  
  20  1:24  Cybernetics Core  
  20  1:29  Probe  
  21  1:35  Pylon  
  21  1:41  Probe  
  22  1:53  Probe  
  23  2:00  Stalker x2  
  27  2:02  Warp Gate  
  27  2:07  Pylon  
  27  2:23  Pylon  
  27  2:31  Probe  
  28  2:42  Nexus  
  28  2:46  Sentry x2  
  28  2:50  Probe  
  33  2:58  Twilight Council  
  33  3:02  Probe  
  34  3:14  Probe  
  35  3:25  Forge  
  35  3:26  Probe (Chrono Boost)  
  36  3:32  Blink (Chrono Boost)  
  36  3:38  Probe (Chrono Boost)  
  36  3:40  Pylon  
  37  3:43  Probe (Chrono Boost)  
  38  3:52  Probe (Chrono Boost)  
  38  3:55  Protoss Ground Weapons Level 1 (Chrono Boost)  
  39  4:00  Probe (Chrono Boost)  
  40  4:04  Probe (Chrono Boost)  
  42  4:11  Probe (Chrono Boost)  
  42  4:12  Probe (Chrono Boost)  
  42  4:16  Probe (Chrono Boost), Gateway  
  43  4:18  Gateway  
  43  4:19  Probe  
  45  4:26  Shield Battery, Probe  
  45  4:30  Stalker  
  48  4:33  Stalker  
  46  4:44  Probe  
  47  4:47  Probe  
  48  4:56  Robotics Facility  
  48  4:58  Nexus  
  48  5:00  Pylon  
  48  5:01  Sentry  
  48  5:02  Stalker  
  48  5:06  Assimilator  
  52  5:14  Stalker x2  
  52  5:18  Shield Battery  
  52  5:20  Probe  
  57  5:26  Stalker x2  
  61  5:28  Probe  
  61  5:34  Probe  
  63  5:38  Pylon  
  63  5:45  Probe  
  63  5:46  Observer  
  63  5:47  Probe, Pylon  
  66  5:51  Assimilator  
  66  5:53  Stalker x2  
  71  5:57  Probe  
  71  6:04  Protoss Ground Weapons Level 2 (Chrono Boost)  
  71  6:07  Gateway  
  71  6:08  Gateway  
  73  6:11  Probe x2 (Chrono Boost)  
  73  6:14  Probe (Chrono Boost)  
  74  6:22  Probe x2 (Chrono Boost)  
  74  6:23  Probe (Chrono Boost)  
  74  6:24  Charge  
  77  6:27  Probe x2 (Chrono Boost)  
  77  6:28  Probe (Chrono Boost)  
  80  6:37  Probe x2  
  80  6:38  Assimilator  
  80  6:39  Observer  
  82  6:40  Dark Shrine, Probe  
  82  6:45  Stalker  
  85  6:47  Stalker  
  85  6:49  Probe x2  
  85  6:52  Probe, Stalker  
  92  6:57  Stalker  
  94  7:07  Probe x2  
  96  7:09  Observer  
  96  7:12  Probe  
  96  7:13  Assimilator  
  98  7:19  Probe x2  
  98  7:20  Gateway  
  97  7:25  Gateway  
  97  7:26  Probe  
  97  7:27  Pylon  
  97  7:31  Probe  
  97  7:35  Nexus  
  99  7:37  Probe  
  99  7:40  Probe  
  99  7:42  Pylon  
  100  7:45  Pylon  
  100  7:46  Photon Cannon  
  100  7:48  Shield Battery  
  100  7:49  Photon Cannon  
  100  7:51  Shield Battery  
  100  7:54  Dark Templar  
  100  7:55  Dark Templar, Pylon  
  104  7:59  Dark Templar  
  106  8:06  Dark Templar  
  108  8:14  Robotics Facility  
  108  8:16  Probe x2  
  110  8:21  Robotics Bay  
  110  8:22  Photon Cannon  
  110  8:24  Probe  
  111  8:27  Shield Battery  
  111  8:29  Probe  
  111  8:33  Probe  
  111  8:39  Probe  
  111  8:41  Probe  
  110  8:45  Protoss Ground Weapons Level 3 (Chrono Boost)  
  110  8:46  Stalker  
  110  8:47  Stalker x7  
  122  8:52  Probe x2  
  122  8:57  Shadow Stride, Probe  
  122  9:01  Probe  
  124  9:10  Photon Cannon  
  124  9:12  Templar Archives  
  124  9:15  Disruptor x2 (Chrono Boost), Probe x2  
  126  9:23  Probe x2  
  134  9:27  Probe, Assimilator  
  134  9:28  Probe  
  134  9:30  Assimilator  
  134  9:31  Pylon  
  136  9:35  Probe  
  136  9:37  Probe  
  138  9:39  Probe  
  138  9:42  Probe  
  138  9:43  Disruptor, Dark Templar  
  138  9:44  Disruptor  
  148  9:49  Probe  
  149  9:59  Probe x2  
  151  10:02  Zealot x2  
  151  10:05  Pylon  
  155  10:08  Shield Battery, Photon Cannon  
  155  10:11  Gateway x2  
  155  10:13  Photon Cannon, Pylon  
  155  10:16  Shield Battery, Gateway  
  155  10:18  Gateway  
  155  10:20  Gateway  
  155  10:22  Disruptor (Chrono Boost)  
  155  10:23  Disruptor (Chrono Boost), Gateway  
  161  10:29  Pylon  
  161  10:33  High Templar x2  
  161  10:34  High Templar x2  
  169  10:36  Photon Cannon  
  169  10:40  Photon Cannon  
  169  10:42  Shield Battery  
  169  10:47  Gateway  
  169  10:48  Pylon  
  169  10:50  Photon Cannon  
  169  10:51  High Templar  
  169  10:52  High Templar  
  169  10:55  Disruptor (Chrono Boost)  
  169  10:56  Disruptor (Chrono Boost)  
  177  11:07  Photon Cannon  
  177  11:10  Robotics Facility  
  177  11:12  Photon Cannon  
  177  11:14  Shield Battery  
  177  11:15  Pylon  
  177  11:25  Gateway  
  177  11:28  Gateway  
  176  11:34  Zealot x5  
  176  11:35  Zealot x3  
  172  11:42  Pylon  
  172  11:46  Assimilator  
  162  11:53  Zealot x6  
  170  11:55  High Templar  
  170  11:59  Archon  
  172  12:01  Probe x2  
  172  12:02  Probe  
  173  12:10  Dark Templar x6  
  185  12:17  Nexus  
  185  12:18  Photon Cannon  
  185  12:19  Warp Prism, Photon Cannon  
  185  12:20  Probe  
  185  12:21  Probe  
  189  12:23  Photon Cannon  
  189  12:25  High Templar  
  191  12:32  Zealot x4  
  138  13:21  Disruptor x2  
  117  13:30  Disruptor  
  117  13:32  Stalker x10  
  117  13:33  Stalker x4  
  134  13:35  Stalker x2  
  116  13:57  Disruptor (Chrono Boost)  
  116  13:58  Disruptor (Chrono Boost)  
  116  13:59  Stalker x8  
  116  14:00  Stalker x6  
  146  14:06  Disruptor (Chrono Boost)  
  149  14:29  Nexus, Assimilator  
  149  14:31  Assimilator  
  149  14:32  Observer (Chrono Boost), Pylon  
  149  14:35  Pylon  
  149  14:37  Disruptor (Chrono Boost)  
  154  14:38  Observer (Chrono Boost)  
  154  14:53  Gravitic Boosters  
  154  14:56  Photon Cannon  
  154  14:57  Pylon  
  154  14:59  Pylon  
  153  15:07  Shield Battery, Dark Templar  
  153  15:08  Dark Templar x11  
  177  15:15  Dark Templar  
  177  15:17  Zealot x3  
  177  15:20  Disruptor  
  163  15:44  Stalker x7  
  161  15:51  Disruptor  
  161  15:52  Probe x3  
  164  16:06  Stalker  
  164  16:07  Stalker x5  
  154  16:20  Probe x4  
  154  16:21  Probe  
  155  16:32  Probe  
  152  16:33  Probe x4  
  152  16:40  Stalker x7  
  152  16:44  Probe  
  152  16:45  Probe  
  168  16:48  Zealot x4  
  151  17:02  Probe x3  
  153  17:44  Dark Templar x3  
  147  17:50  Photon Cannon  
  148  17:51  Disruptor, Photon Cannon  
  148  17:52  Assimilator  
  148  17:53  Nexus, Pylon  
  148  17:55  Pylon  
  148  17:57  Assimilator, Pylon  
  127  18:19  Dark Templar x3  
  129  18:20  Dark Templar  
  129  18:21  Disruptor  
  129  18:27  Disruptor, Pylon  
  134  18:45  Nexus  
  134  18:49  Assimilator x2  
  134  18:54  Pylon  
  130  18:55  Pylon  
  130  18:57  Pylon  
  124  19:03  Disruptor  
Tags
 
Add a new tag
Caveats
  • Supply blocks, unpowered buildings, or Contaminate may cause inaccurate times.
  • Supply counts are checked every 10 seconds.